 Dungeon Crawl Stone Soup version 0.30-a0-358-g0d69a1922f (webtiles) character file.

Game seed: 10187515116735937845

10997 LnG the Covert (level 12, -17/66 HPs)
             Began as a Kobold Summoner on Nov 10, 2022.
             Was a Priest of Dithmenos.
             Demolished by a six-headed hydra simulacrum (33 damage)
             ... in a Gauntlet.
             The game lasted 00:56:26 (11013 turns).

LnG the Covert (Kobold Summoner)                   Turns: 11013, Time: 00:56:35

Health: -17/66     AC: 10    Str:  5    XL:     12   Next: 2%
Magic:  22/22      EV: 19    Int: 32    God:    Dithmenos [***...]
Gold:   586        SH:  0    Dex: 17    Spells: 12/25 levels left

rFire   . . .      SeeInvis +    j - +8 dagger of the Wasteland {vorpal, rElec Int+4 Dex+2}
rCold   . . .      Faith    .    (no shield)
rNeg    . . .      Spirit   .    p - +1 leather armour {Will+}
rPois   .          Reflect  .    D - +2 helmet {SInv}
rElec   +          Harm     .    (no cloak)
rCorr   +          Rampage  .    E - +2 pair of gloves
Will    +....      NoTele   +    (no boots)
Stlth   +++++++++.               n - amulet of the acrobat
HPRegen 0.31/turn                L - +6 ring of intelligence
MPRegen 0.18/turn                y - ring of resist corrosion

@: wreathed by umbra, invisible
A: small, no large weapons, nightstalker 3
a: Renounce Religion, Shadow Step


You were in a Gauntlet.
You worshipped Dithmenos.
Dithmenos was most pleased with you.
You visited 2 branches of the dungeon, and saw 12 of its levels.
You also visited: Gauntlet.

You collected 586 gold pieces.

Inventory:

Hand Weapons
 j - the +8 dagger of the Wasteland (weapon) {vorpal, rElec Int+4 Dex+2}
   (You found it on level 2 of the Dungeon)

   It inflicts extra damage upon your enemies.
   Int:       It affects your intelligence (+4).
   Dex:       It affects your dexterity (+2).
   rElec:     It insulates you from electricity.
Missiles
 l - a throwing net
Armour
 a - a +0 robe
 b - +0 acid dragon scales
 m - the +18 Lear's hauberk
   (You found it on level 6 of the Dungeon)
 p - a +1 leather armour of willpower (worn)
 D - a +2 helmet of see invisible (worn)
 E - a +2 pair of gloves (worn)
Jewellery
 d - an amulet of regeneration
 f - an amulet of magic regeneration
 g - a ring of see invisible
 n - an amulet of the acrobat (around neck)
 y - a ring of resist corrosion (right hand)
 L - a +6 ring of intelligence (left hand)
Wands
 o - a wand of iceblast (14)
 t - a wand of polymorph (13)
 A - a wand of charming (10)
 J - a wand of flame (7)
Scrolls
 c - 5 scrolls of teleportation
 q - a scroll of fear
 s - a scroll of silence
 v - a scroll of poison
 z - a scroll of immolation
 B - 2 scrolls of amnesia
 C - a scroll of identify
 F - 2 scrolls of vulnerability
 G - a scroll of noise {unknown}
 K - a scroll of magic mapping
 M - a scroll of acquirement {unknown}
 N - a scroll of torment {unknown}
Potions
 e - 2 potions of lignification {unknown}
 h - 7 potions of flight
 i - 4 potions of curing
 r - a potion of brilliance
 u - 3 potions of mutation
 w - 3 potions of degeneration {unknown}
 x - a potion of heal wounds
 H - 3 potions of attraction {unknown}


   Skills:
 + Level 3.9 Fighting
 + Level 7.2 Short Blades
 + Level 3.4 Armour
 * Level 9.5 Dodging
 * Level 14.7 Stealth
 + Level 7.3 Spellcasting
 + Level 0.4 Hexes
 + Level 8.0 Summonings
 + Level 2.0 Air Magic


You had 12 spell levels left.
You knew the following spells:

 Your Spells              Type           Power      Damage    Failure   Level
a - Summon Small Mammal   Summ           100%       N/A       1%          1
b - Call Imp              Summ           59%        N/A       1%          2
c - Call Canine Familiar  Summ           59%        N/A       1%          3
d - Summon Guardian Gole  Hex/Summ       39%        N/A       3%          3
e - Summon Lightning Spi  Summ/Air       44%        N/A       8%          4

Your spell library contained the following spells:

 Spells                   Type           Power      Damage    Failure   Level
 Apportation              Tloc           22%        N/A       6%          1
 Beastly Appendage        Tmut           22%        N/A       6%          1
 Necrotise                Necr           44%        1d6       6%          1
 Sting                    Tmut/Pois      44%        1d5       6%          1
 Poisonous Vapours        Pois/Air       36%        N/A       6%          2
 Wereblood                Tmut           11%        N/A       10%         2
 Kindle Blastsparks       Fire/Tloc/Air  32%        2d12      14%         3
 Tukima's Dance           Hex            14%        N/A       16%         3
 Portal Projectile        Hex/Tloc       26%        N/A       17%         3
 Gell's Gravitas          Tloc           11%        N/A       19%         3
 Lesser Beckoning         Tloc           22%        N/A       19%         3
 Spider Form              Tmut/Pois      11%        N/A       19%         3
 Teleport Other           Tloc           11%        N/A       19%         3
 Cause Fear               Hex            7%         N/A       45%         4
 Fulminant Prism          Conj/Hex       6%         3d7       50%         4
 Iskenderun's Mystic Bla  Conj/Tloc      11%        2d4       54%         4
 Olgreb's Toxic Radiance  Pois           11%        N/A       54%         4
 Blade Hands              Tmut           5%         N/A       87%         5
 Fireball                 Conj/Fire      5%         3d5       87%         5
 Iskenderun's Battlesphe  Conj           11%        2d7       87%         5
 Lee's Rapid Deconstruct  Erth           5%         3d6*      87%         5
 Conjure Ball Lightning   Conj/Air       9%         3x3d6     99%         6
 Dragon Form              Tmut           5%         N/A       100%        7
 Orb of Destruction       Conj           5%         9d5       100%        7
 Dragon's Call            Summ           29%        N/A       100%        9


Dungeon Overview and Level Annotations

Branches:
Dungeon (11/15)            Temple (1/1) D:6             Orc (0/2) D:10
Gauntlet (1/1)
   Lair: D:8-11

Altars:
Ashenzari
Cheibriados
Dithmenos
Elyvilon
Fedhas
Gozag
Hepliaklqana
Kikubaaqudgha
Makhleb
Nemelex Xobeh
Okawaru
Qazlal
Ru
Sif Muna
Trog
Uskayaw
Vehumet
Wu Jian
Xom
Yredelemnul
Zin
The Shining One

Shops:
D:9 *

Annotations:
D:5 Pikel
D:7 2 transporters, Lobster4's ghost, novice MfIE Gauntlet 3 transporters


Innate Abilities, Weirdness & Mutations

You are small and have problems with some larger weapons.
You are completely attuned to the shadows.


Message History

There is a transporter here.
Found a transporter.
The hornet buzzes angrily.
The hornet completely misses you. x2
You see here a scroll labelled SEYDAN YBBELE.
G - a scroll labelled SEYDAN YBBELE The hornet completely misses you.
There is a transporter here.
You enter the transporter and appear at another place.
There is a transporter here.
There is a transporter here.
There is a transporter landing site here.
There is a transporter landing site here.
You flicker for a moment.
There is a transporter here.
You enter the transporter and appear at another place.
A hornet simulacrum and a centaur warrior simulacrum come into view.
The centaur warrior simulacrum barely misses you. x2
The centaur warrior simulacrum hits you.
The centaur warrior simulacrum freezes you!
The centaur warrior simulacrum barely misses you.
Found a gilded ring, 37 gold pieces and a plate armour.
Found a transporter.
You hit the centaur warrior simulacrum.
The centaur warrior simulacrum is lightly damaged.
The centaur warrior simulacrum hits you!
The centaur warrior simulacrum freezes you!
The centaur warrior simulacrum kicks you but does no damage.
You strike the helpless centaur warrior simulacrum from behind!
You impale the centaur warrior simulacrum!!
The centaur warrior simulacrum vaporises!
Dithmenos accepts your kill.
You fade further into invisibility.
The meliai simulacrum completely misses you.
The meliai simulacrum misses you.
The six-headed hydra simulacrum bites you.
* * * LOW HITPOINT WARNING * * *
The six-headed hydra simulacrum freezes you!!
Ouch! That really hurt!
You die...

## ### ##.
#[##©##$#.
#.#..#.=#
##.##Z###.
#.Z#Z@#.#.
.###.#.###.##.##.
#.h.#h#.##.Z#..##
###...#.#.##.##.#
#################
.#©....©....©#...
.#############..P
...##.#©#.##....P
P♣.#.#|#.#.#..P#≈


You could see a six-headed hydra simulacrum (unable to see you), a hornet
simulacrum (wandering, unable to see you), a wolf spider simulacrum (wandering,
unable to see you) and a meliai simulacrum (unable to see you).

Vanquished Creatures
  A two-headed ogre (D:8)
  A manticore (D:11)
  Joseph (D:7)
  2 trolls
  A hornet (D:9)
  5 yaks
  2 shadows (D:10)
  3 centaur simulacra (Gauntlet)
  Sigmund (D:4)
  A wraith (D:10)
  A steam dragon (D:6)
  2 vampire mosquitoes (D:10)
  Menkaure (D:7)
  An acid dragon (D:9)
  A water moccasin (D:8)
  3 sky beasts
  2 ice beasts (D:7)
  7 orc warriors
  3 black bears (D:4)
  2 centaurs
  A lemure (D:5)
  3 kobold brigands
  A necrophage (D:7)
  5 bullfrogs
  A scorpion (D:4)
  A wight (D:10)
  Dowan (D:6)
  7 killer bees
  2 electric eels (D:9)
  A nameless horror (D:3)
  2 howler monkeys
  A hound (D:5)
  2 orc priests
  A gnoll bouda (D:8)
  Jessica (D:3)
  3 iguanas
  Ijyb (D:3)
  Natasha (twice) (D:3)
  4 orc wizards
  Terence (D:3)
  Robin (D:3)
  11 gnolls
  9 adders
  2 shadow imps
  2 white imps
  An ufetubus (D:7)
  A worm (D:5)
  18 orcs
  6 ball pythons
  4 endoplasms
  10 giant cockroaches
  6 goblins
  6 hobgoblins
  8 jackals
  15 kobolds
  3 bats
  5 frilled lizards
  5 rats (D:2)
195 creatures vanquished.

Vanquished Creatures (collateral kills)
  A shadow (D:10)
  8 yaks
  2 vampire mosquitoes (D:10)
  A basilisk (D:9)
  Edmund (D:5)
  Duvessa (D:6)
  2 water moccasins
  An ice beast (D:7)
  An ogre (D:5)
  A centaur (D:8)
  A lemure (D:5)
  2 wights (D:10)
  2 killer bees (D:9)
  An electric eel (D:9)
  3 orc priests
  A gnoll bouda (D:9)
  2 orc wizards (D:7)
  An iguana (D:7)
  Natasha (D:3)
  2 adders (D:2)
  4 gnolls
  A white imp (D:7)
  A worm (D:2)
  17 orcs
  A ball python (D:1)
  3 goblins (D:3)
  5 hobgoblins
  3 jackals
  3 kobolds
  2 quokkas
  2 bats (D:2)
  A rat (D:1)
78 creatures vanquished.

Vanquished Creatures (others)
  An acid dragon (D:9)
  A gnoll (D:9)
  6 fungi (D:10)
  2 toadstools (D:10)
10 creatures vanquished.

Grand Total: 283 creatures vanquished

Notes
Turn   | Place    | Note
-------+----------+-------------------------------------------
     0 | D:1      | LnG the Kobold Summoner began the quest for the Orb.
     0 | D:1      | Reached XP level 1. HP: 10/10 MP: 3/3
    71 | D:1      | Reached XP level 2. HP: 15/15 MP: 5/5
    75 | D:1      | Learned a level 2 spell: Call Imp
   255 | D:1      | Reached skill level 3 in Stealth
   285 | D:1      | Reached XP level 3. HP: 19/19 MP: 6/6
   291 | D:1      | Learned a level 3 spell: Call Canine Familiar
   522 | D:1      | Reached skill level 1 in Short Blades
   552 | D:2      | Reached skill level 4 in Stealth
   552 | D:2      | Reached XP level 4. HP: 24/24 MP: 7/7
   761 | D:2      | Identified the +8 dagger of the Wasteland {vorpal, rElec
                  | Int+4 Dex+2}
  1039 | D:2      | Reached XP level 5. HP: 28/28 MP: 6/8
  1337 | D:3      | Noticed Ijyb
  1341 | D:3      | Killed Ijyb
  1342 | D:3      | Reached skill level 5 in Stealth
  1476 | D:3      | Noticed Terence
  1505 | D:3      | Noticed a nameless horror
  1519 | D:3      | Killed a nameless horror
  1657 | D:3      | Found a sacrificial altar of Ru.
  1949 | D:3      | Learned a level 3 spell: Summon Guardian Golem
  2005 | D:3      | Reached XP level 6. HP: 9/33 MP: 8/10
  2186 | D:3      | Noticed Jessica
  2190 | D:3      | Killed Jessica
  2196 | D:3      | Noticed Robin
  2205 | D:3      | Killed Robin
  2243 | D:3      | Noticed Natasha
  2256 | D:3      | Killed Natasha
  2257 | D:3      | Reached skill level 6 in Stealth
  2257 | D:3      | Reached XP level 7. HP: 15/37 MP: 6/11
  2413 | D:3      | Noticed Natasha
  2424 | D:3      | Killed Natasha
  2425 | D:3      | Reached skill level 1 in Armour
  2480 | D:3      | Killed Terence
  2481 | D:3      | Reached skill level 5 in Summonings
  2535 | D:3      | Noticed Natasha
  2546 | D:3      | Reached skill level 1 in Fighting
  2612 | D:3      | Killed Natasha
  2863 | D:4      | Noticed Sigmund
  2869 | D:4      | Killed Sigmund
  3027 | D:4      | Found a bloodstained altar of Trog.
  3035 | D:4      | Reached XP level 8. HP: 43/43 MP: 13/13
  3391 | D:4      | Reached skill level 7 in Stealth
  3689 | D:5      | Entered Level 5 of the Dungeon
  3729 | D:5      | Found a blossoming altar of Fedhas.
  3741 | D:5      | Learned a level 4 spell: Summon Lightning Spire
  3837 | D:5      | Reached skill level 5 in Dodging
  3904 | D:5      | Noticed Pikel
  4177 | D:5      | Noticed Edmund
  4187 | D:5      | Killed Edmund
  4316 | D:5      | Reached skill level 8 in Stealth
  4409 | D:5      | Found a snail-covered altar of Cheibriados.
  4684 | D:6      | Found the +18 Lear's hauberk
  4926 | D:6      | Reached XP level 9. HP: 48/48 MP: 15/15
  5035 | D:6      | Noticed Duvessa
  5036 | D:6      | Noticed Dowan
  5049 | D:6      | Killed Dowan
  5052 | D:6      | Killed Duvessa
  5139 | D:6      | Found a staircase to the Ecumenical Temple.
  5146 | Temple   | Entered the Ecumenical Temple
  5195 | Temple   | Became a worshipper of Dithmenos the Shadowed
  5597 | D:6      | Reached skill level 9 in Stealth
  6041 | D:7      | Reached skill level 10 in Stealth
  6090 | D:7      | Noticed a moth of wrath
  6170 | D:7      | Noticed Joseph
  6173 | D:7      | Killed Joseph
  6174 | D:7      | Reached skill level 5 in Spellcasting
  6201 | D:7      | Reached skill level 5 in Short Blades
  6201 | D:7      | Reached skill level 1 in Air Magic
  6218 | D:7      | Noticed Menkaure
  6219 | D:7      | You fall into a shaft and drop 2 floors!
  6281 | D:9      | Reached XP level 10. HP: 48/54 MP: 1/17
  6282 | D:9      | Reached skill level 11 in Stealth
  6603 | D:9      | Found Yheoshri's Elemental Accessories.
  6779 | D:7      | Found a transporter.
  6779 | D:7      | Found a transporter.
  6780 | D:7      | Noticed Lobster4's ghost (novice MfIE)
  6942 | D:7      | Killed Menkaure
  7006 | D:7      | Reached * piety under Dithmenos
  7059 | D:7      | Found a burning altar of Makhleb.
  7468 | D:7      | Reached skill level 12 in Stealth
  8133 | D:8      | Reached XP level 11. HP: 46/60 MP: 18/21
  8215 | D:8      | Noticed a two-headed ogre
  8224 | D:8      | Killed a two-headed ogre
  8247 | D:8      | Reached ** piety under Dithmenos
  8269 | D:8      | Found a white marble altar of Elyvilon.
  8713 | D:9      | Reached skill level 13 in Stealth
  8969 | D:9      | Noticed a two-headed ogre
  9438 | D:10     | Entered Level 10 of the Dungeon
  9996 | D:10     | Found a staircase to the Orcish Mines.
 10308 | D:10     | Found a hide-covered altar of Uskayaw.
 10348 | D:10     | Found a snail-covered altar of Cheibriados.
 10371 | D:10     | Reached skill level 14 in Stealth
 10440 | D:10     | Reached *** piety under Dithmenos
 10872 | D:11     | Noticed a manticore
 10876 | D:11     | Killed a manticore
 10882 | D:11     | Found a gate leading to a gauntlet.
 10895 | Gauntlet | Entered a Gauntlet
 10895 | Gauntlet | Found a transporter.
 10908 | Gauntlet | Found a transporter.
 10932 | Gauntlet | Found a transporter.
 10951 | Gauntlet | Found a transporter.
 10976 | Gauntlet | Reached XP level 12. HP: 47/66 MP: 16/22
 10976 | Gauntlet | Found a transporter.
 10978 | Gauntlet | Found a transporter.
 10980 | Gauntlet | Found a transporter.
 10995 | Gauntlet | Noticed a hell hog
 11009 | Gauntlet | Found a transporter.
 11013 | Gauntlet | Demolished by a six-headed hydra simulacrum

Illustrated notes

Levels and vault maps discovered:
D:1:      dpeg_arrival_tiny_j, layout_rooms, minmay_worlds_worst_comb
D:2:      layout_basic
D:3:      cheibrodos_thug_alley, layout_loops_ring,
          nicolae_ru_great_annihilating_truth, kennysheep_generic_room_14,
          uniq_jessica, uniq_robin, uniq_natasha, uniq_terence, uniq_ijyb
D:4:      layout_gridville, trog_ov_bears_minmay, uniq_sigmund
D:5:      layout_cave_pools, fedhas_bush_and_centaur_altar, serial_shops,
          nicolae_diamond_shop, minmay_misc_feat_roman, minmay_ruined_shrine,
          uniq_edmund, uniq_pikel, uniq_grinder
D:6:      layout_loops_cross, minmay_temple_entry_gardened_gates,
          serial_co_window_serial, co_window_of_opportunity_a,
          co_window_paths_a, co_window_cross_1, co_window_paths_b,
          co_window_of_opportunity_a, co_window_of_opportunity_a,
          co_window_paths_a, co_window_of_opportunity_b, co_window_cross_3,
          co_window_broadway_b, co_window_corner_b, co_window_broadway_c,
          co_window_of_opportunity_c, co_window_paths_d, glass_columns_a,
          glass_columns_a, uniq_duvessa
D:7:      cheibrodos_barr_body, layout_basic, mainiacjoe_overflow_alcove_4,
          gammafunk_ghost_wrathful_warriors, uniq_joseph, uniq_menkaure
D:8:      layout_basic, elyvilon_altar_3
D:9:      layout_roguey, serial_curves, eino_curves_02, eino_curves_02,
          nicolae_elemental_shop, disabler_island
D:10:     layout_irregular_city, mainiacjoe_overflow_big_doors, david_orc_3,
          serial_column_ruins, column_ruins_hut_ruined, column_ruins_hut_ruined,
          column_ruins_open_small, column_ruins_grid_4, column_ruins_grid_1,
          column_ruins_open_small, column_ruins_corridor_straight,
          minmay_gold_behind_fungi, chequers_decorated_corner
D:11:     layout_stronghold, erik_lair_dragon, serial_shops, shop,
          gauntlet_entry_generic
Temple:   eino_wide_crystal_templ
Gauntlet: minmay_gauntlet_77_tree [minmay_gauntlet_arena_77_double_cross,
          minmay_gauntlet_arena_77_checkered,
          minmay_gauntlet_arena_77_two_lines,
          minmay_gauntlet_arena_77_broken_ladder,
          minmay_gauntlet_arena_77_tiled_triplets,
          minmay_gauntlet_arena_77_braids,
          minmay_gauntlet_arena_77_terracotta_army,
          nicolae_gauntlet_exit_dead_adventurers]

Skill      XL: |  1  2  3  4  5  6  7  8  9 10 11 |
---------------+----------------------------------+-----
Stealth        | 3 4 5 6 8 10 12 14 | 14.7
Short Blades   | 1 2 3 4 5 7 |  7.2
Dodging        | 3 4 5 6 8 9 |  9.5
Spellcasting   | 3 4 5 6 7 |  7.3
Armour         | 1 2 3 |  3.4
Summonings     | 5 6 7 8 |  8.0
Fighting       | 1 2 3 |  3.9
Air Magic      | 1 2 |  2.0
Hexes          | |  0.4

Action                   |  1- 3 |  4- 6 |  7- 9 | 10-12 || total
-------------------------+-------+-------+-------+-------++-------
Melee: Dagger            |    66 |   110 |   159 |   256 ||   591
       Punch             |       |       |       |     4 ||     4
 Cast: Summon Small Mamm |     2 |     2 |     1 |       ||     5
       Call Canine Famil |     1 |    10 |    13 |    17 ||    41
       Call Imp          |     1 |     8 |     9 |     9 ||    27
       Summon Lightning  |       |       |     5 |    10 ||    15
       Summon Guardian G |       |       |       |     2 ||     2
Evoke: Wand              |       |       |       |     1 ||     1
  Use: Scroll            |     1 |     1 |    15 |     9 ||    26
       Potion            |       |       |     1 |     7 ||     8
 Stab: Sleeping          |    15 |    11 |    23 |    39 ||    88
       Paralysed         |       |     1 |       |       ||     1
       Distracted        |       |       |     3 |     1 ||     4
       Invisible         |       |       |       |     1 ||     1
Armor: Robe              |     4 |     4 |       |       ||     8
       Leather armour    |       |     8 |    13 |    45 ||    66
Dodge: Dodged            |    38 |    65 |   101 |   250 ||   454

Table legend: (Time is in decaauts)
 A = Elapsed time spent in this place.
 B = Non-inter-level travel time spent in this place.
 C = Inter-level travel time spent in this place.
 D = Time resting spent in this place.
 E = Time spent auto-exploring this place.
 F = Levels seen in this place.
 G = Mean time per level.
                   A        B        C        D        E       F      G
               +--------+--------+--------+--------+--------+-----+--------+
         Total |  10893 |  10516 |    377 |   1179 |   7039 |  13 |  837.9 |
       Dungeon |  10714 |  10351 |    363 |   1179 |   7007 |  11 |  974.0 |
        Temple |     64 |     50 |     14 |      0 |     32 |   1 |   64.0 |
      Gauntlet |    114 |    114 |      0 |      0 |      0 |   1 |  114.0 |
               +--------+--------+--------+--------+--------+-----+--------+

Top non-repeatable levels by time:
     D:3: 1502 daAuts
    D:10: 1273 daAuts
     D:7: 1242 daAuts
     D:6: 1171 daAuts
     D:9: 1153 daAuts
     D:8: 1079 daAuts
     D:4: 953 daAuts
     D:5: 847 daAuts
     D:2: 780 daAuts
     D:1: 546 daAuts
    D:11: 164 daAuts
Gauntlet: 114 daAuts
  Temple: 64 daAuts
